[Event "January 9 Late 2024"]
[Site "https://www.chess.com"]
[Date "2024.01.09"]
[Round "1"]
[White "Erzhanov, Arman"]
[Black "Nakamura, Hikaru"]
[Result "0-1"]
[Board "1"]
[TimeControl "180+1"]
[WhiteFideId "4138821"]
[BlackFideId "2016192"]
[WhiteElo "2551"]
[BlackElo "3204"]
[WhiteTeam "KAZ"]
[BlackTeam "USA"]
[WhiteClock "0:00:00"]
[BlackClock "0:01:01"]

1. e4 g6 2. d4 Bg7 3. Nc3 a6 4. a4 d6 5. Nge2 Nd7 6. h3 c5 7. Be3 cxd4 8. Nxd4 b6 9. Bc4 Bb7 10. Bd5 Qc7 11. O-O Ngf6 12. Bxb7 Qxb7 13. f3 Rc8 14. Qd2 Ne5 15. b3 O-O 16. Nde2 Rfd8 17. Rac1 b5 18. axb5 axb5 19. Nd5 e6 20. Nxf6+ Bxf6 21. Bg5 Bxg5 22. Qxg5 Qb6+ 23. Kh2 Rc5 24. Qf6 Rdc8 25. c3 Qc7 26. Rfd1 d5 27. Kh1 dxe4 28. fxe4 Nd7 29. Qe7 Ne5 30. Qxc7 R5xc7 31. Ra1 Nd7 32. Ra5 Nc5 33. Rxb5 Nxe4 34. Rc1 Nxc3 35. Nxc3 Rxc3 36. Rxc3 Rxc3 37. b4 Rb3 38. Rb7 g5 39. Kg1 Rb2 40. b5 h5 41. b6 Kg7 42. Rb8 h4 43. Kf1 Kf6 44. Kg1 Kf5 45. Kh2 Kf4 46. Kg1 e5 47. Kh2 e4 48. b7 f5 49. Kg1 Kg3 50. Kf1 Rb1+ 51. Ke2 Kxg2 52. Rg8 Rxb7 53. Rxg5+ Kxh3 54. Rxf5 Kg4 55. Rf8 Rg7 56. Ke3 h3 0-1

[Event "January 9 Late 2024"]
[Site "https://www.chess.com"]
[Date "2024.01.09"]
[Round "1"]
[White "Firouzja, Alireza"]
[Black "Van Dael, Siem"]
[Result "1-0"]
[Board "2"]
[TimeControl "180+1"]
[WhiteFideId "12573981"]
[BlackFideId "1049771"]
[WhiteElo "3165"]
[BlackElo "2551"]
[WhiteTeam "FRA"]
[BlackTeam "NED"]
[WhiteClock "0:01:36"]
[BlackClock "0:00:00"]

1. e4 c5 2. Nf3 d6 3. d4 cxd4 4. Nxd4 Nf6 5. Nc3 a6 6. Be2 g6 7. Be3 Bg7 8. Qd2 Ng4 9. Bxg4 Bxg4 10. f3 Be6 11. O-O-O Nc6 12. Kb1 Rc8 13. h4 Ne5 14. b3 Qa5 15. Nce2 Qxd2 16. Rxd2 Nc6 17. h5 Nxd4 18. Bxd4 Bxd4 19. Nxd4 g5 20. c4 Rc5 21. Kb2 Kd7 22. Rhd1 Rb8 23. Nc2 f6 24. Nb4 a5 25. Nd3 Rc7 26. c5 a4 27. cxd6 exd6 28. Nb4 Ke7 29. Rxd6 axb3 30. axb3 Rbc8 31. Rb6 Rc3 32. Rxb7+ Kf8 33. Rd3 1-0

[Event "January 9 Late 2024"]
[Site "https://www.chess.com"]
[Date "2024.01.09"]
[Round "1"]
[White "Carnicelli, Valerio"]
[Black "Vachier-Lagrave, Maxime"]
[Result "0-1"]
[Board "3"]
[TimeControl "180+1"]
[WhiteFideId "856185"]
[BlackFideId "623539"]
[WhiteElo "2551"]
[BlackElo "3163"]
[WhiteTeam "ITA"]
[BlackTeam "FRA"]
[WhiteClock "0:00:04"]
[BlackClock "0:00:57"]

1. e4 c5 2. Nf3 d6 3. d4 cxd4 4. Nxd4 Nf6 5. Nc3 a6 6. f3 e5 7. Nb3 Be6 8. Be3 h5 9. Qd2 Nbd7 10. Nd5 Bxd5 11. exd5 g6 12. Na5 Qc7 13. Be2 h4 14. O-O Bg7 15. c4 Nh5 16. b4 O-O 17. Rac1 b6 18. Nc6 Rae8 19. Rfd1 Nf4 20. Bf1 g5 21. g3 hxg3 22. hxg3 Ng6 23. Bxg5 e4 24. fxe4 Nde5 25. Nxe5 Nxe5 26. Bg2 Nxc4 27. Qd3 b5 28. Bf4 Qa7+ 29. Kh2 Re7 30. a4 Be5 31. Rf1 f6 32. a5 Rh7+ 33. Bh3 Kg7 34. Kg2 Rfh8 35. Rh1 Bxf4 36. gxf4 Kf8 37. Be6 Qg7+ 38. Kf3 Rxh1 39. Rxh1 Rxh1 40. Qd4 Rf1+ 0-1

[Event "January 9 Late 2024"]
[Site "https://www.chess.com"]
[Date "2024.01.10"]
[Round "1"]
[White "Naroditsky, Daniel"]
[Black "Stremavicius, Titas"]
[Result "1-0"]
[Board "4"]
[TimeControl "180+1"]
[WhiteFideId "2026961"]
[BlackFideId "12804444"]
[WhiteElo "3153"]
[BlackElo "2550"]
[WhiteTeam "USA"]
[BlackTeam "LTU"]
[WhiteClock "0:02:41"]
[BlackClock "0:00:00"]

1. e4 c5 2. c3 e6 3. d4 d5 4. exd5 exd5 5. Nf3 Nc6 6. Bb5 Bd6 7. O-O Nf6 8. Bg5 O-O 9. dxc5 Bxc5 10. Nbd2 a6 11. Bd3 h6 12. Bh4 Be7 13. Re1 Bg4 14. h3 Bh5 15. Qb3 Qd7 16. Ne5 Nxe5 17. Rxe5 Rfd8 18. Bxf6 1-0

[Event "January 9 Late 2024"]
[Site "https://www.chess.com"]
[Date "2024.01.09"]
[Round "1"]
[White "Grycel, Kamil"]
[Black "Sevian, Samuel"]
[Result "0-1"]
[Board "5"]
[TimeControl "180+1"]
[WhiteFideId "1115499"]
[BlackFideId "2040506"]
[WhiteElo "2549"]
[BlackElo "3152"]
[WhiteTeam "POL"]
[BlackTeam "USA"]
[WhiteClock "0:00:00"]
[BlackClock "0:02:06"]

1. d4 Nf6 2. Nf3 d5 3. Bf4 Bg4 4. e3 e6 5. Nbd2 Bd6 6. Bg3 Nbd7 7. c3 O-O 8. Qb3 Qe7 9. Ne5 Bf5 10. f4 c5 11. Bh4 c4 12. Qd1 Qe8 13. Be2 Ne4 14. Nxe4 Bxe4 15. O-O f6 16. Nxd7 Qxd7 17. Bg4 b5 18. Be1 a5 19. Bf3 Bd3 20. Be2 Bg6 21. Bh5 Bf5 22. Bg4 Rfe8 23. Qf3 Be4 24. Qh3 b4 25. f5 e5 26. Bd2 Rab8 27. Bh5 Re7 28. Bf3 exd4 29. Bxe4 Rxe4 30. exd4 bxc3 31. Bxc3 a4 32. a3 Rbe8 33. Rae1 Qb5 34. Rxe4 Rxe4 35. Qf3 Qe8 36. Qd1 Bf4 37. g3 Bg5 0-1

[Event "January 9 Late 2024"]
[Site "https://www.chess.com"]
[Date "2024.01.09"]
[Round "1"]
[White "Dubov, Daniil"]
[Black "Ghevondyan, Arman"]
[Result "1-0"]
[Board "6"]
[TimeControl "180+1"]
[WhiteFideId "24126055"]
[BlackFideId "13312073"]
[WhiteElo "3115"]
[BlackElo "2548"]
[WhiteTeam "RUS"]
[BlackTeam "ARM"]
[WhiteClock "0:01:14"]
[BlackClock "0:00:10"]

1. d4 Nf6 2. Bf4 g6 3. Nd2 d5 4. e3 Bg7 5. Ngf3 O-O 6. h3 b6 7. c3 Bb7 8. Be2 c5 9. O-O Nc6 10. Re1 Nd7 11. b4 cxb4 12. cxb4 Nxb4 13. Qa4 Nc6 14. Bb5 a6 15. Bxc6 b5 16. Bxb5 axb5 17. Qxb5 Ba6 18. Qb4 e6 19. Rec1 Re8 20. Bc7 Qe7 21. Bd6 Qd8 22. Rc6 Bd3 23. a4 Nb8 24. Rb6 Na6 25. Qb2 Ra7 26. Ne5 Bxe5 27. dxe5 Qc8 28. Rc1 Qa8 29. Rcc6 Rd8 30. Kh2 Kg7 31. Qd4 Be2 32. Qh4 Rad7 33. Be7 Rxe7 34. Qxe7 Re8 35. Rxa6 Qxa6 36. Qf6+ Kf8 37. Rxa6 Bxa6 38. Nf3 1-0

[Event "January 9 Late 2024"]
[Site "https://www.chess.com"]
[Date "2024.01.09"]
[Round "1"]
[White "Yurasov, Matfey"]
[Black "Nepomniachtchi, Ian"]
[Result "0-1"]
[Board "7"]
[TimeControl "180+1"]
[WhiteFideId "55617603"]
[BlackFideId "4168119"]
[WhiteElo "2548"]
[BlackElo "3114"]
[WhiteTeam "FID"]
[BlackTeam "RUS"]
[WhiteClock "0:00:05"]
[BlackClock "0:01:10"]

1. e4 c5 2. Nf3 d6 3. Bb5+ Nd7 4. O-O a6 5. Be2 Ngf6 6. d3 g6 7. Nfd2 Bg7 8. f4 O-O 9. Bf3 Nb8 10. c3 Nc6 11. Nc4 Rb8 12. Ne3 Bd7 13. Na3 b5 14. Nac2 b4 15. d4 bxc3 16. bxc3 cxd4 17. cxd4 Qb6 18. Kh1 Rfc8 19. Ba3 Ne8 20. e5 Qd8 21. Qd2 Nc7 22. Rad1 Nb5 23. Bb2 Qa5 24. Qxa5 Nxa5 25. Nb4 Nc7 26. Nd3 Bb5 27. Ba1 Nc4 28. Nxc4 Bxc4 29. Rd2 Nd5 30. g3 Nb4 31. Be2 Nxa2 32. Re1 a5 33. Bf3 Nb4 34. Nxb4 axb4 35. Bb2 d5 36. Rc1 e6 37. Kg2 Bf8 38. g4 Ra8 39. h4 b3 40. Rf2 Ra2 41. f5 Rxb2 42. Rxb2 Ba3 43. Rcb1 Bxb2 44. Rxb2 Ra8 45. Rf2 Ra2 46. Bd1 Rxf2+ 47. Kxf2 b2 48. Bc2 gxf5 49. gxf5 Ba2 50. fxe6 fxe6 0-1

[Event "January 9 Late 2024"]
[Site "https://www.chess.com"]
[Date "2024.01.09"]
[Round "1"]
[White "Bortnyk, Olexandr"]
[Black "Srdanovic, Jovana"]
[Result "1-0"]
[Board "8"]
[TimeControl "180+1"]
[WhiteFideId "14120828"]
[BlackFideId "954810"]
[WhiteElo "3109"]
[BlackElo "2548"]
[WhiteTeam "UKR"]
[BlackTeam "SRB"]
[WhiteClock "0:00:58"]
[BlackClock "0:00:18"]

1. e4 c5 2. c3 Nf6 3. e5 Nd5 4. d4 cxd4 5. Nf3 e6 6. cxd4 d6 7. Bc4 Be7 8. O-O O-O 9. Qe2 b6 10. Nbd2 Bb7 11. Ne4 dxe5 12. dxe5 Nd7 13. Bg5 Rc8 14. Bxe7 Qxe7 15. Nd6 Rc7 16. Nxb7 Rxb7 17. Bxd5 exd5 18. Rfd1 Nc5 19. Rxd5 Rd8 20. Rad1 Rbd7 21. Rxd7 Rxd7 22. Rxd7 Qxd7 23. b4 Ne6 24. Qd2 Qa4 25. Ng5 h6 26. Nxe6 fxe6 27. h3 Kf7 28. Kh2 a5 29. bxa5 bxa5 30. Qe2 Qa3 31. Qf3+ Qxf3 32. gxf3 Kg6 33. Kg3 Kf5 34. f4 g5 35. fxg5 hxg5 36. a4 Kxe5 37. Kg4 Kf6 38. f4 gxf4 39. Kxf4 e5+ 40. Ke4 Kg5 41. Kxe5 Kh4 42. Kd5 Kxh3 43. Kc5 Kg4 44. Kb5 Kf5 45. Kxa5 Ke6 46. Kb6 Kd7 47. Kb7 1-0

[Event "January 9 Late 2024"]
[Site "https://www.chess.com"]
[Date "2024.01.09"]
[Round "1"]
[White "Kalogeris, Ioannis"]
[Black "Aronian, Levon"]
[Result "0-1"]
[Board "9"]
[TimeControl "180+1"]
[WhiteFideId "4239563"]
[BlackFideId "13300474"]
[WhiteElo "2548"]
[BlackElo "3102"]
[WhiteTeam "GRE"]
[BlackTeam "USA"]
[WhiteClock "0:00:42"]
[BlackClock "0:00:29"]

1. e4 c5 2. Nf3 e6 3. b3 Nf6 4. e5 Nd5 5. Bb2 Nc6 6. Bb5 Qb6 7. a4 a6 8. Bc4 Nf4 9. O-O d5 10. exd6 Bxd6 11. g3 Nh5 12. Nc3 Nf6 13. Re1 Bd7 14. Nd5 Nxd5 15. Bxd5 O-O-O 16. Bc4 Na5 17. Bf1 f6 18. d4 Rhe8 19. Qe2 Bc6 20. Bh3 Kb8 21. Bc3 Bxf3 22. dxc5 Bxe2 23. cxb6 Rc8 24. Bxa5 Rxc2 25. Rac1 Rxc1 26. Rxc1 Bf3 27. Rc3 Bd5 28. b4 Rc8 0-1

[Event "January 9 Late 2024"]
[Site "https://www.chess.com"]
[Date "2024.01.09"]
[Round "1"]
[White "Andreikin, Dmitry"]
[Black "Aliakbarov, Anar"]
[Result "1-0"]
[Board "10"]
[TimeControl "180+1"]
[WhiteFideId "4158814"]
[BlackFideId "13401858"]
[WhiteElo "3092"]
[BlackElo "2547"]
[WhiteTeam "FID"]
[BlackTeam "TUR"]
[WhiteClock "0:00:47"]
[BlackClock "0:00:00"]

1. e4 e5 2. Nf3 Nc6 3. Bb5 a6 4. Ba4 Nf6 5. O-O Nxe4 6. d4 Be7 7. Re1 b5 8. Rxe4 d5 9. Nxe5 Nxe5 10. Rxe5 bxa4 11. Nc3 O-O 12. Rxd5 Bd6 13. Bf4 Be6 14. Bxd6 cxd6 15. Rh5 a3 16. bxa3 Qc8 17. Qd3 g6 18. Rh4 Bf5 19. Qd2 h5 20. Nd5 Qd8 21. Rf4 Be6 22. Nf6+ Kg7 23. Rf3 Rh8 24. d5 Bg4 25. Qd4 Bxf3 26. Ne8+ Kh6 27. Qxh8+ Kg5 28. Re1 Bxd5 29. h4+ Kxh4 30. Qd4+ Kg5 31. Qxd5+ Kh6 32. Qxf7 1-0

[Event "January 9 Late 2024"]
[Site "https://www.chess.com"]
[Date "2024.01.09"]
[Round "1"]
[White "Pasti, Aron"]
[Black "Tabatabaei, M. Amin"]
[Result "0-1"]
[Board "11"]
[TimeControl "180+1"]
[WhiteFideId "785857"]
[BlackFideId "12521213"]
[WhiteElo "2547"]
[BlackElo "3087"]
[WhiteTeam "HUN"]
[BlackTeam "IRI"]
[WhiteClock "0:01:33"]
[BlackClock "0:01:24"]

1. e4 c6 2. d4 d5 3. e5 Bf5 4. h4 h5 5. Bd3 Bxd3 6. Qxd3 e6 7. Ne2 Qa5+ 8. Bd2 Qa6 9. Qe3 Nh6 10. Nbc3 Nf5 11. Qf4 c5 12. O-O-O g6 13. f3 Nc6 14. dxc5 d4 15. Ne4 Qxa2 16. c3 d3 17. Nf6+ Ke7 18. Be3 Bh6 19. Qxh6 Rxh6 0-1

[Event "January 9 Late 2024"]
[Site "https://www.chess.com"]
[Date "2024.01.09"]
[Round "1"]
[White "Makarian, Rudik"]
[Black "Serban, Cristian-Stefan"]
[Result "1-0"]
[Board "12"]
[TimeControl "180+1"]
[WhiteFideId "44105681"]
[BlackFideId "1241443"]
[WhiteElo "3084"]
[BlackElo "2547"]
[WhiteTeam "FID"]
[BlackTeam "ROU"]
[WhiteClock "0:00:56"]
[BlackClock "0:00:03"]

1. d4 Nf6 2. c4 e6 3. Nf3 d5 4. g3 dxc4 5. Bg2 c5 6. O-O Nc6 7. Qa4 Bd7 8. Qxc4 b5 9. Qd3 c4 10. Qc2 Rc8 11. e4 Be7 12. Rd1 O-O 13. Qe2 Re8 14. Ne5 Qc7 15. Bf4 Qb7 16. a4 a6 17. axb5 axb5 18. Be3 Red8 19. Nxd7 Rxd7 20. d5 Rcd8 21. Nc3 Nb4 22. d6 Bf8 23. e5 Nfd5 24. Nxd5 Nxd5 25. Qd2 f6 26. f4 fxe5 27. fxe5 Re8 28. Ra7 Qc8 29. Rxd7 Qxd7 30. Bxd5 exd5 31. Qxd5+ Kh8 32. Rf1 g6 33. Rxf8+ Rxf8 34. e6 Qe8 35. Bd4+ Kg8 36. e7+ Rf7 37. d7 Qxe7 1-0

[Event "January 9 Late 2024"]
[Site "https://www.chess.com"]
[Date "2024.01.09"]
[Round "1"]
[White "Sadovsky, Artem"]
[Black "Bluebaum, Matthias"]
[Result "0-1"]
[Board "13"]
[TimeControl "180+1"]
[WhiteFideId "4155840"]
[BlackFideId "24651516"]
[WhiteElo "2546"]
[BlackElo "3076"]
[WhiteTeam "FID"]
[BlackTeam "GER"]
[WhiteClock "0:00:00"]
[BlackClock "0:00:22"]

1. Nf3 d5 2. e3 e6 3. c4 Nf6 4. Be2 Bd6 5. O-O O-O 6. b3 c5 7. Bb2 Nc6 8. cxd5 exd5 9. d4 cxd4 10. Nxd4 Bc7 11. Nd2 Nxd4 12. Bxd4 Qd6 13. Nf3 Bg4 14. Be5 Qe7 15. Bxc7 Qxc7 16. Rc1 Qa5 17. Nd4 Bxe2 18. Qxe2 Rac8 19. a4 a6 20. Qf3 Qb4 21. Qf5 Rxc1 22. Rxc1 Ne4 23. g3 g6 24. Qxd5 Nxf2 25. Rf1 Ng4 26. Qg5 f5 27. Nxf5 Nf6 28. Nd4 Qe7 29. Rf3 Rf7 30. a5 Ne4 31. Qd5 Nf6 32. Qe6 Qxe6 33. Nxe6 Ne4 34. Rxf7 Kxf7 35. Nd8+ Ke7 36. Nxb7 Kd7 37. b4 Kc6 38. Nc5 Nxc5 39. bxc5 Kxc5 40. Kf2 Kb5 41. Kf3 Kxa5 42. Ke4 Kb6 43. Kd5 a5 44. g4 a4 45. Kc4 Kc6 46. Kb4 Kd5 47. Kxa4 Ke4 48. Kb5 Kxe3 49. Kc5 Kf4 50. h3 Kg3 51. Kd5 Kxh3 0-1

[Event "January 9 Late 2024"]
[Site "https://www.chess.com"]
[Date "2024.01.09"]
[Round "1"]
[White "Oparin, Grigoriy"]
[Black "Smiech, Sara"]
[Result "1-0"]
[Board "14"]
[TimeControl "180+1"]
[WhiteFideId "24125890"]
[BlackFideId "91102863"]
[WhiteElo "3057"]
[BlackElo "2546"]
[WhiteTeam "USA"]
[BlackTeam "POL"]
[WhiteClock "0:02:30"]
[BlackClock "0:00:00"]

1. Nf3 Nf6 2. c4 c5 3. Nc3 Nc6 4. d4 cxd4 5. Nxd4 g6 6. g3 Bg7 7. Bg2 O-O 8. O-O d6 9. Nxc6 bxc6 10. Bg5 Rb8 11. Qd2 Qb6 12. b3 Be6 13. Rac1 Rfd8 14. h3 d5 15. cxd5 cxd5 16. Na4 Qd6 17. Bf4 Qb4 18. Rfd1 Qxd2 19. Rxd2 Rbc8 20. Rdc2 Bf5 21. Rc7 Ne8 22. Rxc8 Rxc8 23. Rxc8 Bxc8 24. Bxd5 e6 25. Bc6 Nf6 26. Be3 1-0

[Event "January 9 Late 2024"]
[Site "https://www.chess.com"]
[Date "2024.01.09"]
[Round "1"]
[White "Palencia Morales, Wilson Guillermo"]
[Black "Keymer, Vincent"]
[Result "0-1"]
[Board "15"]
[TimeControl "180+1"]
[WhiteFideId "4401859"]
[BlackFideId "12940690"]
[WhiteElo "2544"]
[BlackElo "3057"]
[WhiteTeam "COL"]
[BlackTeam "GER"]
[WhiteClock "0:00:00"]
[BlackClock "0:00:54"]

1. d4 Nf6 2. Nf3 e6 3. c4 b6 4. g3 Ba6 5. Qc2 Bb7 6. Bg2 Bb4+ 7. Nbd2 O-O 8. O-O a5 9. e4 Bxd2 10. Nxd2 d6 11. e5 Bxg2 12. Kxg2 Nfd7 13. Nf3 Nc6 14. Bg5 Qc8 15. Rfe1 Qb7 16. Qe4 dxe5 17. dxe5 h6 18. Be3 Rab8 19. Bd2 Rfd8 20. Bc3 Nc5 21. Qe3 Rd3 22. Qe2 Rbd8 23. Kg1 Qa6 24. Nd2 Nd4 25. Bxd4 R3xd4 26. Red1 a4 27. Rac1 Nd3 28. Rc2 Nb4 29. Rc3 Nxa2 30. Ra3 Nb4 31. b3 c5 32. Rxa4 Qb7 33. Raa1 Qd7 0-1

[Event "January 9 Late 2024"]
[Site "https://www.chess.com"]
[Date "2024.01.09"]
[Round "1"]
[White "Grischuk, Alexander"]
[Black "Skuhala, Jernej"]
[Result "1-0"]
[Board "16"]
[TimeControl "180+1"]
[WhiteFideId "4126025"]
[BlackFideId "14605651"]
[WhiteElo "3053"]
[BlackElo "2542"]
[WhiteTeam "RUS"]
[BlackTeam "SLO"]
[WhiteClock "0:00:06"]
[BlackClock "0:00:08"]

1. d4 Nf6 2. c4 e6 3. Bg5 d5 4. e3 c6 5. Nc3 Bb4 6. Qc2 Nbd7 7. cxd5 exd5 8. Bd3 h6 9. Bh4 Be7 10. Nf3 Nh5 11. Bxe7 Qxe7 12. O-O O-O 13. Rab1 a5 14. h3 Re8 15. Rfe1 Nhf6 16. Nd2 Qf8 17. a3 Nb6 18. Qb3 Nbd7 19. Rbc1 Qd6 20. Qc2 Nf8 21. Nf3 Be6 22. Ne5 N6d7 23. f4 Nxe5 24. dxe5 Qe7 25. Qf2 Bd7 26. e4 dxe4 27. Nxe4 Red8 28. Nd6 Be8 29. Rcd1 b5 30. Kh1 Ng6 31. Be4 Rab8 32. Qg3 Qh4 33. Qxh4 Nxh4 34. g3 Ng6 35. Nxe8 Rxe8 36. Bxc6 Rec8 37. Rc1 Nf8 38. Bd5 Rd8 39. Red1 Rd7 40. Bc6 Rc7 41. Be4 Rxc1 42. Rxc1 a4 43. Rc7 Ne6 44. Rb7 Rxb7 45. Bxb7 Kf8 46. Kg2 Ke7 47. Kf3 Kd7 48. Bd5 Nd8 49. Ke4 g6 50. Kd4 Nc6+ 51. Bxc6+ Kxc6 52. g4 b4 53. axb4 Kb5 54. Kc3 h5 55. gxh5 gxh5 56. h4 Kb6 57. Kc4 Kc6 58. b5+ Kd7 59. f5 Kc7 60. Kc5 Kd7 61. b6 Kc8 62. Kc6 a3 63. bxa3 f6 64. exf6 Kb8 65. f7 1-0

[Event "January 9 Late 2024"]
[Site "https://www.chess.com"]
[Date "2024.01.09"]
[Round "1"]
[White "Koc, Przemyslaw"]
[Black "Sarana, Alexey"]
[Result "0-1"]
[Board "17"]
[TimeControl "180+1"]
[WhiteFideId "1109081"]
[BlackFideId "24133795"]
[WhiteElo "2541"]
[BlackElo "3047"]
[WhiteTeam "POL"]
[BlackTeam "SRB"]
[WhiteClock "0:00:39"]
[BlackClock "0:00:54"]

1. d4 Nf6 2. Bg5 d5 3. Nd2 c5 4. e3 Nc6 5. c3 e5 6. dxe5 Nxe5 7. Ngf3 Nc6 8. Bd3 Be7 9. O-O O-O 10. Qc2 h6 11. Bh4 Be6 12. Rfe1 Rc8 13. Rad1 Qa5 14. a3 c4 15. Bf1 b5 16. e4 dxe4 17. Nxe4 Nxe4 18. Qxe4 Bxh4 19. Qxh4 Rfe8 20. Nd4 Nxd4 21. Rxd4 Qc7 22. Red1 a6 23. g3 Bf5 24. Rd6 Re6 25. R6d5 Re4 26. Qh5 Bg4 27. Qh4 Bf3 28. Rd8+ Kh7 29. Rxc8 Qxc8 30. Qd8 Qxd8 31. Rxd8 Re1 32. Rd2 Rb1 33. h3 Be4 34. f4 Bd3 35. Rf2 f5 36. Kg2 Bxf1+ 37. Rxf1 Rxb2+ 38. Rf2 Rb3 0-1

[Event "January 9 Late 2024"]
[Site "https://www.chess.com"]
[Date "2024.01.09"]
[Round "1"]
[White "Fedoseev, Vladimir"]
[Black "Gasparyan, David"]
[Result "1-0"]
[Board "18"]
[TimeControl "180+1"]
[WhiteFideId "24130737"]
[BlackFideId "13311980"]
[WhiteElo "3042"]
[BlackElo "2537"]
[WhiteTeam "SLO"]
[BlackTeam "USA"]
[WhiteClock "0:00:16"]
[BlackClock "0:00:11"]

1. c4 Nf6 2. g3 g6 3. Bg2 Bg7 4. d4 O-O 5. Nc3 d6 6. Nf3 Nbd7 7. O-O e5 8. Qc2 Re8 9. Rd1 exd4 10. Nxd4 Nc5 11. b4 Ne6 12. Nb3 Bd7 13. Bb2 Qe7 14. Nd5 Qd8 15. Rac1 Rc8 16. Na5 Rb8 17. Nxb7 Rxb7 18. Bxf6 Bxf6 19. Nxf6+ Qxf6 20. Bxb7 Nd4 21. Rxd4 Qxd4 22. Bf3 Bh3 23. Rd1 Qf6 24. Bg2 Bg4 25. f3 Bd7 26. e4 Rb8 27. a3 Be6 28. f4 Bg4 29. Rc1 Qd4+ 30. Qf2 Qd3 31. Qxa7 Rb7 32. Qa8+ Kg7 33. h3 Qxg3 34. Qxb7 Qe3+ 35. Kh2 Qxf4+ 36. Kh1 Qxc1+ 37. Kh2 Qf4+ 38. Kh1 Bf3 39. Qd5 Qg3 40. Qd4+ Kg8 41. Bxf3 Qxf3+ 42. Kg1 Qg3+ 43. Kf1 Qxh3+ 44. Ke2 Qg2+ 45. Kd3 Qf3+ 46. Kc2 Qf2+ 47. Qxf2 1-0

[Event "January 9 Late 2024"]
[Site "https://www.chess.com"]
[Date "2024.01.09"]
[Round "1"]
[White "Soderstrom, Adrian"]
[Black "Iturrizaga Bonelli, Eduardo"]
[Result "0-1"]
[Board "19"]
[TimeControl "180+1"]
[WhiteFideId "1745786"]
[BlackFideId "3901211"]
[WhiteElo "2535"]
[BlackElo "3039"]
[WhiteTeam "SWE"]
[BlackTeam "ESP"]
[WhiteClock "0:00:21"]
[BlackClock "0:00:06"]

1. e4 c5 2. Nf3 e6 3. d4 cxd4 4. Nxd4 a6 5. Bd3 Bc5 6. Nb3 Ba7 7. O-O Nc6 8. Qe2 Nf6 9. Be3 d6 10. Bxa7 Rxa7 11. Nc3 O-O 12. Rad1 b5 13. Qe3 Rd7 14. a4 b4 15. Ne2 Bb7 16. Ned4 Qc7 17. Nxc6 Qxc6 18. Na5 Qc7 19. Nxb7 Qxb7 20. Qe2 a5 21. Bb5 Rc7 22. Rxd6 Qxe4 23. Qxe4 Nxe4 24. Rc6 Rfc8 25. Rd1 g6 26. Rxc7 Rxc7 27. Bd3 Nc5 28. Bb5 Ne4 29. Bd3 Nf6 30. f3 Kf8 31. Kf2 Ke7 32. Rd2 Nd5 33. Be4 Nb6 34. b3 f5 35. Bd3 e5 36. g4 Ke6 37. gxf5+ gxf5 38. Bb5 Rc3 39. Bd3 Kf6 40. Bb5 Kg5 41. Kg3 f4+ 42. Kg2 h5 43. Kf2 Kh4 44. Kg2 Rc5 45. Bd3 Nd5 46. Be4 Ne3+ 47. Kf2 Kh3 48. Kg1 Rc8 49. Rd6 Rg8+ 50. Rg6 Rd8 51. Bd3 Kh4 52. Re6 Rd5 53. Kf2 Rc5 54. Rh6 Nxc2 55. Bg6 Kg5 56. Rxh5+ Kxg6 57. Rh8 Nd4 58. h4 Rc2+ 59. Kf1 Nxf3 60. h5+ Kg7 61. Ra8 Nh2+ 62. Kg1 Ng4 63. Rxa5 f3 64. Rc5 Rxc5 0-1

[Event "January 9 Late 2024"]
[Site "https://www.chess.com"]
[Date "2024.01.09"]
[Round "1"]
[White "Pranav, V"]
[Black "Bruedigam, Martin"]
[Result "1-0"]
[Board "20"]
[TimeControl "180+1"]
[WhiteFideId "25060783"]
[BlackFideId "24608033"]
[WhiteElo "3036"]
[BlackElo "2534"]
[WhiteTeam "IND"]
[BlackTeam "GER"]
[WhiteClock "0:00:15"]
[BlackClock "0:00:00"]

1. e4 c5 2. Nf3 e6 3. d4 cxd4 4. Nxd4 Nc6 5. Nc3 Qc7 6. Be2 a6 7. O-O Nf6 8. Be3 Be7 9. f4 d6 10. a4 O-O 11. Kh1 Bd7 12. Qe1 Rac8 13. Qg3 Rfd8 14. Rad1 Bf8 15. Nb3 Be8 16. Qf2 Nd7 17. Qg3 Nc5 18. Nxc5 dxc5 19. e5 Rxd1 20. Rxd1 Rd8 21. Bd3 Ne7 22. Qf2 Nd5 23. Nxd5 exd5 24. b3 b5 25. axb5 axb5 26. h3 d4 27. Bd2 c4 28. Be4 g6 29. Qe1 Bc5 30. Kh2 Bc6 31. Ra1 Qb7 32. Bxc6 Qxc6 33. f5 Re8 34. Bf4 Bd6 35. Qg3 Bf8 36. e6 cxb3 37. cxb3 Qe4 38. Ra7 fxe6 39. f6 Kh8 40. Be5 Rd8 41. f7+ Bg7 42. f8=Q+ Rxf8 43. Bxg7+ Kg8 44. Bxf8 d3 45. Bh6 1-0

[Event "January 9 Late 2024"]
[Site "https://www.chess.com"]
[Date "2024.01.09"]
[Round "1"]
[White "Gurevich, Dmitry"]
[Black "Erigaisi Arjun"]
[Result "0-1"]
[Board "21"]
[TimeControl "180+1"]
[WhiteFideId "2000407"]
[BlackFideId "35009192"]
[WhiteElo "2533"]
[BlackElo "3034"]
[WhiteTeam "USA"]
[BlackTeam "IND"]
[WhiteClock "0:00:41"]
[BlackClock "0:02:04"]

1. d4 g6 2. c4 Bg7 3. e4 c6 4. Nc3 d6 5. Nf3 Bg4 6. Be2 Nd7 7. Be3 Ngf6 8. O-O O-O 9. Rc1 a5 10. h3 Bxf3 11. Bxf3 e5 12. Be2 exd4 13. Bxd4 Re8 14. Bd3 Nc5 15. e5 Nfd7 16. Bxc5 Nxc5 17. exd6 Qxd6 18. Bb1 Rad8 19. Qxd6 Rxd6 20. Rfd1 Rxd1+ 21. Rxd1 Bxc3 22. bxc3 Re2 23. f4 a4 24. Kh2 a3 25. Kg3 Re3+ 26. Kg4 Rxc3 27. f5 Kg7 28. Rd6 Rxc4+ 29. Kg3 f6 30. h4 Rc1 0-1

[Event "January 9 Late 2024"]
[Site "https://www.chess.com"]
[Date "2024.01.09"]
[Round "1"]
[White "Caruana, Fabiano"]
[Black "De Boer, Eelke"]
[Result "0-1"]
[Board "22"]
[TimeControl "180+1"]
[WhiteFideId "2020009"]
[BlackFideId "1048120"]
[WhiteElo "3028"]
[BlackElo "2532"]
[WhiteTeam "USA"]
[BlackTeam "NED"]
[WhiteClock "0:00:15"]
[BlackClock "0:00:33"]

1. d4 Nf6 2. Nf3 d5 3. Bg5 c5 4. Bxf6 gxf6 5. e3 Nc6 6. dxc5 e6 7. c4 dxc4 8. Qxd8+ Kxd8 9. Bxc4 Bxc5 10. Nbd2 Ke7 11. a3 a5 12. Rc1 Bd6 13. Ne4 Rd8 14. Ke2 f5 15. Nxd6 Rxd6 16. h3 b6 17. g4 Bb7 18. gxf5 exf5 19. Rhg1 Kf6 20. Ng5 Ne5 21. Bb5 h6 22. f4 hxg5 23. fxe5+ Kxe5 24. Rc7 Be4 25. Rd1 Bf3+ 26. Kxf3 Rxd1 27. Rxf7 Rh8 28. Kg3 Rh1 29. Bd7 R1xh3+ 30. Kg2 Rh2+ 31. Kg1 f4 32. exf4+ gxf4 33. Rf5+ Ke4 34. Rf6 Rh1+ 0-1

[Event "January 9 Late 2024"]
[Site "https://www.chess.com"]
[Date "2024.01.09"]
[Round "1"]
[White "Kopczynski, Michal"]
[Black "Theodorou, Nikolas"]
[Result "0-1"]
[Board "23"]
[TimeControl "180+1"]
[WhiteFideId "1124200"]
[BlackFideId "4262875"]
[WhiteElo "2531"]
[BlackElo "3025"]
[WhiteTeam "POL"]
[BlackTeam "GRE"]
[WhiteClock "0:00:53"]
[BlackClock "0:01:37"]

1. e4 b6 2. d4 Bb7 3. Nc3 d6 4. f4 Nd7 5. Be3 c5 6. d5 g6 7. Qd2 Bg7 8. O-O-O a6 9. h4 b5 10. h5 Qa5 11. hxg6 hxg6 12. Rxh8 Bxh8 13. Kb1 b4 14. Nce2 Nb6 15. Nc1 Na4 16. e5 dxe5 17. Nb3 Qc7 18. Nf3 Nxb2 19. Re1 Na4 20. fxe5 Bxd5 21. Nxc5 Nc3+ 22. Ka1 Qa5 23. a4 Nxa4 24. Nb3 Bxb3 25. cxb3 Nc3+ 26. Kb2 Qa2+ 27. Kc1 Qb1# 0-1

[Event "January 9 Late 2024"]
[Site "https://www.chess.com"]
[Date "2024.01.09"]
[Round "1"]
[White "Paravyan, David"]
[Black "Urbina Perez, Juan Antonio"]
[Result "1-0"]
[Board "24"]
[TimeControl "180+1"]
[WhiteFideId "4194985"]
[BlackFideId "2217368"]
[WhiteElo "3021"]
[BlackElo "2530"]
[WhiteTeam "FID"]
[BlackTeam "ESP"]
[WhiteClock "0:01:37"]
[BlackClock "0:00:24"]

1. e4 c6 2. d4 d5 3. e5 c5 4. c3 Nc6 5. a3 e6 6. Nf3 Nge7 7. Bd3 Ng6 8. h4 cxd4 9. cxd4 Be7 10. h5 Nh4 11. Nxh4 Bxh4 12. Qg4 Be7 13. Qxg7 Rf8 14. Be3 Qb6 15. Nd2 Bd7 16. b4 O-O-O 17. Nf3 Kb8 18. Qg3 Rg8 19. Qh2 Nxb4 20. axb4 Bxb4+ 21. Kf1 Bb5 22. Bxb5 Qxb5+ 23. Kg1 Qe2 24. Qf4 Rd7 25. g3 f5 26. exf6+ Bd6 27. Ne5 Rf7 28. Kg2 Rgf8 29. Rhc1 Rxf6 30. Nd7+ Ka8 31. Nb6+ 1-0